 Dungeon Crawl Stone Soup version 0.26.0-45-g9c1d065592 (webtiles) character file.

Game seed: 14128663783894511382

169 Astera the Bolt Thrower (level 5, -7/31 HPs)
             Began as a Kobold Hunter on Jan 30, 2021.
             Killed by divine providence
             ... invoked by an orc priest
              (13 damage)
             ... on level 3 of the Dungeon.
             The game lasted 00:07:20 (2146 turns).

Astera the Bolt Thrower (Kobold Hunter)             Turns: 2146, Time: 00:07:20

Health: -7/31      AC:  5    Str:  9    XL:     5   Next: 79%
Magic:  5/5        EV: 15    Int: 13    God:
Gold:   142        SH:  5    Dex: 16    Spells: 4/4 levels left

rFire    . . .     SeeInvis .   a - +1 hand crossbow
rCold    + . .     Faith    .   (shield restricted)
rNeg     . . .     Spirit   .   c - +0 leather armour
rPois    .         Reflect  +   g - +0 helmet
rElec    .         Harm     .   n - +0 cloak
rCorr    .         Rampage  .   (no gloves)
Will     .....                  (no boots)
Stlth    +++.......             i - amulet of reflection
HPRegen  0.10/turn              l - ring of protection from cold
MPRegen  0.09/turn              (no ring)

@: no status effects
A: small, nightstalker 3
a: no special abilities


You were on level 3 of the Dungeon.
You visited 1 branch of the dungeon, and saw 3 of its levels.

You collected 142 gold pieces.

Inventory:

Hand Weapons
 a - a +1 hand crossbow (weapon)
 b - a +0 short sword
Missiles
 d - 5 bolts (quivered ammo)
Armour
 c - a +0 leather armour (worn)
 g - a +0 helmet (worn)
 n - a +0 cloak (worn)
Jewellery
 i - an amulet of reflection (around neck)
 l - a ring of protection from cold (left hand)
Scrolls
 e - 4 scrolls of identify {unknown}
 o - a scroll of fog {unknown}
Potions
 f - a potion of resistance {unknown}
 h - a potion of attraction {unknown}
 j - 2 potions of cancellation {unknown}
 k - 2 potions of flight {unknown}
 m - a potion of brilliance {unknown}


   Skills:
 + Level 2.7 Fighting
 + Level 7.3 Crossbows
 + Level 0.2 Armour
 + Level 3.0 Dodging
 + Level 1.8 Stealth


You had 4 spell levels left.
You didn't know any spells.
Your spell library was empty.

Dungeon Overview and Level Annotations

Branches:
Dungeon (3/15)

Altars:
Fedhas
Vehumet

Annotations:
D:3 3 runed translucent doors


Innate Abilities, Weirdness & Mutations

You are small and have problems with some larger weapons.
You are completely attuned to the shadows.


Message History

Things that are here:
4 bolts; an orc corpse
d - 4 bolts The orc priest barely misses you.
There is a stone staircase leading up here.
The orc priest invokes the aid of Beogh against you.
Pain shoots through your body!
Things that are here:
a bolt; a giant cockroach corpse
d - 5 bolts (gained 1)
The orc priest hits you with a +0 club.
The orc priest mumbles some strange prayers to Beogh against you.
Beogh smites you! The orc priest hits you with a +0 club.
* * * LOW HITPOINT WARNING * * *
The orc priest completely misses you.
There is a stone staircase leading up here.
The orc priest calls down the wrath of Beogh upon you.
Beogh smites you!
You die...

#.#
#####.#####
#.........#
###.........#
#........†..#
#.#.....@o..#
#.#.#..†....#
#......o..#.#
###[##(.>...#
#.(.......
...(.#..##
.#..


You could see 2 orc priests.

Vanquished Creatures
  Terence (D:2)
  Robin (D:2)
  3 gnolls (D:2)
  An adder (D:2)
  3 oozes
  2 worms (D:2)
  A dart slug (D:2)
  4 orcs
  4 giant cockroaches
  14 goblins
  10 hobgoblins
  4 jackals (D:2)
  7 bats
  2 frilled lizards
  8 kobolds
  4 rats
69 creatures vanquished.

Notes
Turn   | Place    | Note
-------+----------+-------------------------------------------
     0 | D:1      | Astera the Kobold Hunter began the quest for the Orb.
     0 | D:1      | Reached XP level 1. HP: 12/12 MP: 1/1
    39 | D:1      | Reached skill level 5 in Crossbows
    39 | D:1      | Reached XP level 2. HP: 17/17 MP: 2/2
   410 | D:1      | Reached XP level 3. HP: 22/22 MP: 3/3
   675 | D:2      | Noticed Robin
   870 | D:2      | Reached skill level 6 in Crossbows
   874 | D:2      | Reached XP level 4. HP: 27/27 MP: 4/4
   890 | D:2      | Killed Robin
   964 | D:2      | Noticed Terence
   969 | D:2      | Killed Terence
   975 | D:2      | Reached XP level 5. HP: 31/31 MP: 5/5
  1177 | D:2      | Found a faded altar of an unknown god.
  1294 | D:2      | Reached skill level 7 in Crossbows
  1429 | D:2      | Found a radiant altar of Vehumet.
  1547 | D:2      | Found a blossoming altar of Fedhas.
  1831 | D:3      | Found a runed translucent gate.
  1831 | D:3      | Found a runed translucent gate.
  1831 | D:3      | Found a runed translucent gate.
  2146 | D:3      | Killed from afar by an orc priest

Illustrated notes

Levels and vault maps discovered:
D:1:      psy_arrival_dodecagon, layout_rooms, minivault_23
D:2:      layout_loops_ring, lemuel_coloured_pillars_altar, fedhas_altar_4,
          chequers_ecumenical_altar_simple, minmay_tiny_reverse_x, uniq_robin,
          uniq_terence
D:3:      layout_basic, gup_sewer_entry_pipe, ebering_ghost_rock_garden,
          kennysheep_nondescript, minmay_fractal_squares_5

Skill      XL: |  1  2  3  4  5 |
---------------+----------------+-----
Crossbows      | 5 6 7 |  7.3
Dodging        | 3 |  3.0
Fighting       | |  2.7
Armour         | |  0.2
Stealth        | |  1.8

Action                   |  1- 3 |  4- 6 || total
-------------------------+-------+-------++-------
 Fire: Hand crossbow     |    59 |    91 ||   150
Armor: Leather armour    |     1 |     8 ||     9
Dodge: Dodged            |     3 |    36 ||    39
Block: Other             |     1 |     9 ||    10
       Reflection        |     1 |       ||     1
